 Dungeon Crawl Stone Soup version 0.29.0-4-gdea44cf6ec (webtiles) character file.

Game seed: 15423166669837482159

170 qw the Chopper (level 5, -2/30 HPs)
             Began as a Tengu Warper on Aug 29, 2022.
             Slain by a gnoll
             ... wielding a +0 club
              (4 damage)
             ... on level 2 of the Dungeon.
             The game lasted 00:00:46 (2361 turns).

qw the Chopper (Tengu Warper)                       Turns: 2361, Time: 00:00:47

Health: -2/30      AC:  6    Str: 13    XL:     5   Next: 50%
Magic:  9/9        EV: 13    Int: 13    God:
Gold:   53         SH:  0    Dex: 14    Spells: 8/8 levels left

rFire   . . .      SeeInvis .   Y - +0 hand axe
rCold   . . .      Faith    .   (no shield)
rNeg    . . .      Spirit   .   h - +0 ring mail
rPois   .          Reflect  .   (helmet restricted)
rElec   .          Harm     .   (no cloak)
rCorr   .          Rampage  .   j - +0 pair of gloves
Will    .....                   (boots unavailable)
Stlth   +.........              (no amulet)
HPRegen 0.10/turn               (no ring)
MPRegen 0.11/turn               (no ring)

@: flying quickly and evasively, quick
A: beak, talons 3, nimble flight
a: no special abilities


You were on level 2 of the Dungeon.
You visited 1 branch of the dungeon, and saw 2 of its levels.

You collected 53 gold pieces.


Innate Abilities, Weirdness & Mutations

You have a beak for a mouth.
You have claws for feet.
Your magical nature lets you fly swiftly and evasively.


   Skills:
 - Level 2.0 Fighting
 + Level 6.1 Axes
 - Level 1.0 Throwing
 - Level 1.1 Armour
 - Level 2.1 Dodging
 - Level 2.0 Spellcasting
 - Level 2.4 Translocations


You had 8 spell levels left.
You didn't know any spells.
Your spell library contained the following spells:

 Spells                   Type           Power      Damage    Failure   Level
 Blink                    Tloc           14%        N/A       30%         2
 Gell's Gravitas          Tloc           7%         N/A       52%         3
 Lesser Beckoning         Tloc           7%         N/A       52%         3
 Teleport Other           Tloc           7%         N/A       52%         3
 Manifold Assault         Tloc           7%         N/A       99%         5

Inventory:

Hand Weapons
 i - a +0 mace
 Y - a +0 hand axe (weapon)
Armour
 g - a +0 scale mail
 h - a +0 ring mail (worn)
 j - a +0 pair of gloves (worn)
Jewellery
 b - a ring of magical power
Scrolls
 a - 4 scrolls of identify
 c - a scroll of torment {unknown}
Potions
 d - a potion of berserk rage {unknown}
 e - a potion of flight {unknown}
 f - 2 potions of curing
 l - a potion of lignification {unknown}

Dungeon Overview and Level Annotations

Branches:
Dungeon (2/15)

Altars:


Message History

Enter note:
a - 4 scrolls of identify (gained 1)
You now have 53 gold pieces (gained 5).
A gnoll comes into view. It is wielding a +0 spear.
Enter note:
Enter note: A gnoll comes into view. It is wielding a +0 club.
The gnoll shouts!
The gnoll hits you from afar with a +0 spear.
A gnoll comes into view. It is wielding a +0 spear.
A gnoll comes into view. It is wielding a +0 spear.
The gnoll shouts!
The gnoll hits you with a +0 spear.
You closely miss the gnoll. The gnoll hits you with a +0 spear.
You hit the gnoll but do no damage. You claw the gnoll.
The gnoll is moderately wounded.
The gnoll barely misses you.
You closely miss the gnoll. You peck the gnoll.
The gnoll is heavily wounded.
You completely miss the gnoll. The gnoll closely misses you.
The gnoll hits you from afar with a +0 spear!
The gnoll hits you with a +0 club.
You hit the gnoll but do no damage. You claw the gnoll, but do no damage.
The gnoll is heavily wounded.
You hit the gnoll. The gnoll hits you with a +0 spear. The gnoll misses you. x2
You hit the gnoll.
The gnoll is almost dead.
You hit the gnoll. The gnoll closely misses you.
The gnoll hits you from afar with a +0 spear.
The gnoll barely misses you.
The gnoll hits you from afar with a +0 spear.
You closely miss the gnoll. You claw the gnoll.
You kill the gnoll!
You hit the gnoll but do no damage. The gnoll hits you but does no damage.
The gnoll hits you with a +0 club.
You die...

..... ..... .. ....#
.#.#. .. #.# ....#
##.# #.##.. ....# .. .
.....##....# #..
..#.........# ....
..#....gg...# . ..
......g)....# #.
.......@....#
##..#.........#
#######.#...#........#
.......###.###)......#
........#...#........#
......#...#...#...##.#
.....###.###.###..# .#
......#...#...#...# #
....#...#..(#...#....#


You could see 3 gnolls.

Vanquished Creatures
  Natasha (thrice) (D:2)
  Robin (D:2)
  A gnoll (D:2)
  3 adders
  2 dart slugs (D:1)
  4 bats (D:1)
  3 endoplasms (D:1)
  4 giant cockroaches (D:1)
  14 goblins (D:1)
  4 hobgoblins
  4 kobolds
  A quokka (D:1)
  A ball python (D:2)
  A frilled lizard (D:1)
  6 rats
52 creatures vanquished.

Notes
Turn   | Place    | Note
-------+----------+-------------------------------------------
     0 | D:1      | qw the Tengu Warper began the quest for the Orb.
     0 | D:1      | Reached XP level 1. HP: 12/12 MP: 4/4
     0 | D:1      | 0 ||| qw: Version: 0.1-a-89-g26bdef1
     0 | D:1      | 0 ||| qw: Game counter: 3530
     0 | D:1      | 0 ||| qw: Always use a shield: true
     0 | D:1      | 0 ||| qw: God list: Okawaru
     0 | D:1      | 0 ||| qw: Allow faded altars: false
     0 | D:1      | 0 ||| qw: Do Orc after D:15 true
     0 | D:1      | 0 ||| qw: Do second Lair branch before Depths: true
     0 | D:1      | 0 ||| qw: Lair rune preference: random
     0 | D:1      | 0 ||| qw: Plans: Normal
     0 | D:1      | 0 ||| PLANNING D:1-11
    86 | D:1      | 86 ||| Stepping ~*~*~tactically~*~*~ (hiding).
   149 | D:1      | Reached XP level 2. HP: 17/17 MP: 6/6
   157 | D:1      | Reached skill level 3 in Axes
   215 | D:1      | Found a faded altar of an unknown god.
   216 | D:1      | 216 ||| DROPPING +0 club.
   251 | D:1      | 251 ||| Stepping ~*~*~tactically~*~*~ (stealth).
   276 | D:1      | 276 ||| Stepping ~*~*~tactically~*~*~ (hiding).
   378 | D:1      | 378 ||| Stepping ~*~*~tactically~*~*~ (hiding).
   756 | D:1      | Reached XP level 3. HP: 21/21 MP: 7/7
   758 | D:1      | 758 ||| Stepping ~*~*~tactically~*~*~ (stealth).
   906 | D:1      | Reached skill level 4 in Axes
  1093 | D:1      | 1093 ||| UPGRADING to +0 ring mail.
  1103 | D:1      | 1103 ||| DROPPING +0 leather armour.
  1104 | D:1      | 1104 ||| UPGRADING to +0 pair of gloves.
  1109 | D:1      | 1109 ||| READING 2 scrolls labelled YFETIA LIDWOFO.
  1110 | D:1      | 1110 ||| READING scroll labelled NUT WOKIGRO.
  1111 | D:1      | 1111 ||| READING scroll labelled KIKLAK SIAR.
  1112 | D:1      | 1112 ||| DROPPING scroll of blinking.
  1122 | D:2      | Noticed Robin
  1123 | D:2      | 1123 ||| STAIRDANCE
  1274 | D:2      | 1274 ||| STAIRDANCE
  1416 | D:2      | 1416 ||| STAIRDANCE
  1420 | D:1      | Reached XP level 4. HP: 19/26 MP: 8/8
  1507 | D:2      | 1507 ||| STAIRDANCE
  1656 | D:2      | 1656 ||| STAIRDANCE
  1700 | D:2      | Killed Robin
  1701 | D:2      | Reached skill level 5 in Axes
  1809 | D:2      | Noticed Natasha
  1823 | D:2      | Killed Natasha
  1824 | D:2      | Gained mutation: Your magical nature lets you fly swiftly
                  | and evasively. [Tengu growth]
  1824 | D:2      | Reached XP level 5. HP: 10/30 MP: 9/9
  1828 | D:2      | Noticed Natasha
  1835 | D:2      | HP: 7/30 [Natasha (4)]
  1839 | D:2      | Killed Natasha
  1989 | D:2      | Noticed Natasha
  1990 | D:2      | 1990 ||| Stepping ~*~*~tactically~*~*~ (stealth).
  2001 | D:2      | 2001 ||| Stepping ~*~*~tactically~*~*~ (stealth).
  2004 | D:2      | 2004 ||| Stepping ~*~*~tactically~*~*~ (stealth).
  2009 | D:2      | 2009 ||| Stepping ~*~*~tactically~*~*~ (stealth).
  2028 | D:2      | HP: 6/30 [white imp/puff of frost[Natasha] (10)]
  2032 | D:2      | Killed Natasha
  2033 | D:2      | Reached skill level 6 in Axes
  2360 | D:2      | HP: 6/30 [gnoll/+0 spear (4)]
  2360 | D:2      | HP: 2/30 [gnoll/+0 spear (4)]
  2361 | D:2      | Slain by a gnoll

Levels and vault maps discovered:
D:1:      ncdulo_smallfort, layout_loops_cross, ebering_ecumenical_altar_hall,
          amcnicky_mini_rare_corridor_liquid
D:2:      layout_rooms, kennysheep_doodads, uniq_natasha, uniq_robin

Skill      XL: |  1  2  3  4  5 |
---------------+----------------+-----
Axes           | 3 4 5 6 |  6.1
Fighting       | |  2.0
Throwing       | |  1.0
Armour         | |  1.1
Dodging        | |  2.1
Spellcasting   | |  2.0
Translocations | |  2.4

Action                   |  1- 3 |  4- 6 || total
-------------------------+-------+-------++-------
Melee: Hand axe          |    55 |    53 ||   108
       Kick              |    12 |    14 ||    26
       Peck              |     3 |     8 ||    11
       Punch             |       |     1 ||     1
Throw: Boomerang         |     7 |       ||     7
  Use: Scroll            |     3 |       ||     3
Armor: Leather armour    |     8 |       ||     8
       Ring mail         |    18 |    19 ||    37
Dodge: Dodged            |    54 |    35 ||    89

Table legend:
 A = Non-vault XP
 B = Vault XP
 C = Vault XP percentage of total XP
 D = Non-vault monster count
 E = Vault monster count
 F = Vault count percentage of total count
                 A         B        C        D         E       F
            +---------+---------+-------+---------+---------+-------
      Total |     181 |      76 |  29.6 |      38 |      14 |  26.9
            +---------+---------+-------+---------+---------+-------
        D:1 |      78 |      24 |  23.5 |      29 |      12 |  29.3
        D:2 |     103 |      52 |  33.5 |       9 |       2 |  18.2
            +---------+---------+-------+---------+---------+-------
